Death III, chaotic male elven Wizard ----------- ------------ ##..........| |..........| # # |.........| |........... #-- ---###)%########..........| # |..........| ##.......^.# # |.........| ###|..........| #|.......| ### --.-----.-- #|..........| #|....... # # #...%..<....|# #. ... ## ### ----.-------# ### # # # ### ### ### # ### # # # # ---.-------### ##% ### # |........%+## ### # # |>....@...|# ######################## |..........# --|--.----- #---.-- ----------- |.........| #|....| |.........| #|....| |......>..| |....| ----------- ------ Death III the Conjurer Experience level: 4 Strength: 10 Dexterity: 12 Constitution: 16 Intelligence: 19 Wisdom: 9 Charisma: 11 Health: 0(33) Energy: 2(39) Def: 1 Gold: 158 Moves: 506 Dungeon seed: CeUpp4XEj_DiNFoP Game ID: Death III_1529639660 Your Inventory: Coins $ - 158 gold pieces Weapons a - a blessed +1 quarterstaff (weapon in hands) Armor e - an uncursed +0 cloak of magic resistance (being worn) Scrolls i - a blessed scroll of identify k - a blessed scroll of teleportation Spellbooks l - a blessed spellbook of force bolt m - an uncursed spellbook of magic missile Potions f - an uncursed potion of paralysis g - 2 uncursed potions of water h - an uncursed potion of see invisible Rings c - an uncursed +1 ring of adornment d - an uncursed ring of warning (on left hand) p - a cursed ring of polymorph Wands b - a wand of opening (0:4) o - a wand of fire (0:6) Tools n - an uncursed wooden flute s - an uncursed tin whistle Spells and supernatural/magical abilities: Name Level Category Fail Memory a - force bolt 1 attack 0% 98% m - magic missile 2 attack 0% 98% W - pray for help -- divine ? -- Your skills at the end: Fighting Skills Weapon Skills quarterstaff [Basic] Spellcasting Skills attack spells [Basic] enchantment spells [Basic] Final Attributes: You were piously aligned. You were sleep resistant. You were magic-protected. You were warned. You had infravision. You were unlucky. You are dead. Vanquished creatures: a kitten a dwarf a hobbit a gnome a gecko a jackal a fox 3 goblins 2 grid bugs 3 lichens a kobold zombie a newt 17 creatures vanquished. Voluntary challenges: You followed a strict vegan diet. You were an atheist. You used a wielded weapon 6 times, starting on turn 189. You read items or engraved 18 times, starting on turn 1. You never genocided any monsters. You never polymorphed an object. You never changed form. You used no wishes. You never split a pudding. You wrote Elbereth's name 15 times, starting on turn 83. You violated your moral code, losing 15 points of alignment, starting on turn 134. Dungeon overview: The Dungeons of Doom: levels 1 to 2 Level 1 a fountain a long staircase Level 2 <- You were here stairs to The Gnomish Mines The Gnomish Mines: Level 3 stairs to The Dungeons of Doom History has recorded: On T:1 you entered the Dungeons of Doom to retrieve the Amulet of Yendor! On T:91 you reached level 2 of The Dungeons of Doom. On T:134 you advanced to experience level 2. On T:189 you advanced to experience level 3. On T:481 you reached level 1 of The Gnomish Mines. On T:488 you advanced to experience level 4. Score breakdown: Gold: 158 ( 7488 points) Experience: 4 levels ( 9649 points) Exploration: 3 levels ( 6.25%) ( 6188 points) Discoveries: 3 items ( 1.09%) ( 3127 points) Valuables value: (no points given unless you survive) Artifact value: 0 ( 0 points) Variety of kills: 12 monsters ( 3.15%) ( 5324 points) Turncount: 506 turns ( 0 points) Survival: died (score multiplied by 80%) Total score: 25420 Latest messages: The spell hits the dwarf! The dwarf resists! The gnome king wields a crossbow! The spell hits the dwarf! You kill the dwarf! The spell hits the gnome king! You don't have enough energy to cast that spell. The gnome king zaps himself with a maple wand! You've set yourself afire! Your yellow potion boils and explodes! (You can name a yellow potion from the item naming menu.) You die... Final status: Goodbye Death III the Wizard, zapped himself with a wand... You died in The Dungeons of Doom on dungeon level 2 with 25420 points, and 158 pieces of gold, after 506 moves. You were level 4 with a maximum of 33 hit points when you died.